[Event "December 5 Late 2023"]
[Site "https://www.chess.com"]
[Date "2023.12.05"]
[Round "2"]
[White "Yang, Kevin"]
[Black "Alexandre, Anne Shopie Elizabeth"]
[Result "0-1"]
[Board "39"]
[TimeControl "180+1"]
[WhiteFideId "30908485"]
[BlackFideId "11902418"]
[WhiteElo "2560"]
[BlackElo "2873"]
[WhiteTeam "USA"]
[BlackTeam "HAI"]
[WhiteClock "0:00:01"]
[BlackClock "0:01:40"]

1. d4 Nf6 2. c4 d6 3. Nf3 Bf5 4. Nc3 h6 5. g3 Nbd7 6. Bg2 c6 7. O-O Bh7 8. b3 e6 9. Re1 d5 10. Nd2 Bb4 11. Bb2 Qa5 12. Qc1 O-O 13. a3 Be7 14. b4 Qd8 15. e4 dxe4 16. Ncxe4 Nxe4 17. Nxe4 Nf6 18. Nc5 Qc7 19. Qc3 a5 20. b5 cxb5 21. Bxb7 Rab8 22. Bg2 bxc4 23. Na6 Qb6 24. Nxb8 Rxb8 25. Bc1 Bd3 26. Bd2 a4 27. Bf4 Rd8 28. Be5 Nd5 29. Bxd5 Rxd5 30. Red1 Qb3 31. Qd2 Bxa3 32. Qf4 Bf8 33. Qg4 a3 34. Rdc1 a2 35. Qd1 Bb1 36. Rcxb1 axb1=Q 37. Qxb1 Qxb1+ 38. Rxb1 f6 39. Bf4 Rxd4 40. Rb8 Kf7 41. Rc8 g5 42. Be3 Re4 43. Kf1 g4 44. Ke2 f5 45. Rc7+ Kg6 46. Kd2 Bg7 47. Kc2 Bf6 48. Rc6 Bg5 49. Bc5 h5 50. Kc3 Bf6+ 51. Kc2 h4 52. Be3 h3 53. Bc5 Kf7 54. Rc7+ Ke8 55. Rc6 Kd7 56. Rd6+ Kc7 57. Ra6 Kb7 58. Rb6+ Kc7 59. Ra6 c3 60. Be3 Kd7 61. Rb6 Ke7 62. Ra6 Kf7 63. Bc5 Bd4 64. Bxd4 Rxd4 65. Kxc3 Rd1 66. Ra7+ Kf6 67. Rh7 Rh1 68. Kd3 Rxh2 69. Ke3 Rh1 70. f3 Rf1 71. fxg4 fxg4 72. Rh5 Rf3+ 73. Ke4 Rxg3 0-1

[Event "December 5 Late 2023"]
[Site "https://www.chess.com"]
[Date "2023.12.05"]
[Round "2"]
[White "Hong, Andrew"]
[Black "Soderstrom, Adrian"]
[Result "0-1"]
[Board "40"]
[TimeControl "180+1"]
[WhiteFideId "2099438"]
[BlackFideId "1745786"]
[WhiteElo "2869"]
[BlackElo "2558"]
[WhiteTeam "USA"]
[BlackTeam "SWE"]
[WhiteClock "0:00:03"]
[BlackClock "0:00:10"]

1. d4 d5 2. Nf3 Nf6 3. c4 e6 4. Nc3 Be7 5. Bf4 O-O 6. e3 c5 7. cxd5 Nxd5 8. Nxd5 Qxd5 9. Rc1 cxd4 10. Qxd4 Qxd4 11. Nxd4 Bd7 12. Rc7 Bb4+ 13. Kd1 Bc6 14. Bd3 Ba5 15. Nxc6 Nxc6 16. Rxb7 Rfd8 17. Ke2 Nb4 18. Rd1 Nd5 19. Be5 Bb6 20. Be4 Rac8 21. Rd2 Nf6 22. Rxd8+ Rxd8 23. Bc6 Nd5 24. a3 Kf8 25. b4 f6 26. Bg3 Nc3+ 27. Kf3 e5 28. a4 Rc8 29. Bd7 Rc7 30. Rxc7 Bxc7 31. a5 Ke7 32. Bc6 f5 33. e4 f4 34. Bh4+ Kd6 35. Be8 Na2 36. b5 Bxa5 37. g3 fxg3 38. Bxg3 Nb4 39. Kg4 Ke6 40. h4 Nd3 41. h5 Bb6 42. Bc6 Nxf2+ 43. Kf3 Nd3 44. Bd5+ Kd6 45. Kg4 Nf4 46. Bg8 h6 47. Bf7 Ke7 48. Bc4 Kf6 49. Bh4+ g5 50. hxg6+ Kxg6 51. Be7 h5+ 52. Kf3 Bd4 53. Bd6 Kf6 54. Bc7 Ng6 55. Kg3 h4+ 56. Kg4 Bf2 57. Bd8+ Kg7 58. Bd5 Nf4 59. Bc6 h3 60. Bc7 h2 61. Bxe5+ Kf7 62. Bxf4 h1=Q 63. e5 Qh4+ 64. Kf3 Bb6 65. Bd5+ Ke7 66. Ke4 Qh7+ 67. Kf3 Qd3+ 68. Kg4 Qxd5 69. Kf5 Qe6+ 70. Ke4 Qg6+ 71. Kf3 Ke6 72. Bg3 Qf5+ 73. Kg2 Qg4 74. Kh1 Qh3+ 75. Bh2 Qf1+ 76. Bg1 Qxg1# 0-1

[Event "December 5 Late 2023"]
[Site "https://www.chess.com"]
[Date "2023.12.05"]
[Round "2"]
[White "Margvelashvili, Giorgi"]
[Black "aksuliini1"]
[Result "1-0"]
[Board "41"]
[TimeControl "180+1"]
[WhiteFideId "13602926"]
[WhiteElo "2860"]
[BlackElo "2556"]
[WhiteTeam "GEO"]
[WhiteClock "0:00:13"]
[BlackClock "0:00:15"]

1. Nf3 Nf6 2. c4 e6 3. e3 d5 4. b3 c5 5. Bb2 Nc6 6. cxd5 exd5 7. Bb5 Bd6 8. O-O O-O 9. d4 Bg4 10. dxc5 Bxc5 11. Be2 Rc8 12. Nc3 a6 13. h3 Bh5 14. Nh4 Bxe2 15. Nxe2 Ne4 16. Nf3 Qe7 17. Ned4 Nxd4 18. Nxd4 Qd7 19. Rc1 Rfd8 20. Qd3 Ba7 21. Ne2 Bb8 22. Rxc8 Rxc8 23. Rd1 Rd8 24. Nc3 Nf6 25. Na4 Ne4 26. Nc3 Nf6 27. Kf1 Be5 28. Na4 Bxb2 29. Nxb2 h6 30. Na4 Qc7 31. Kg1 Rc8 32. f3 b5 33. Nb2 Qc2 34. Qd2 Qc5 35. Nd3 Qb6 36. Nf4 Re8 37. Kf2 g5 38. Ne2 Rc8 39. Qd4 Qe6 40. Rd2 Kh7 41. h4 g4 42. Nf4 Qf5 43. Qd3 Qxd3 44. Nxd3 gxf3 45. gxf3 Rd8 46. Nc5 Rd6 47. b4 Rc6 48. a3 a5 49. Rd4 axb4 50. axb4 Kg7 51. Rf4 Rd6 52. Nb3 Rd8 53. Nd4 Ra8 54. Nxb5 Ra2+ 55. Ke1 Rb2 56. Nd4 Kg6 57. b5 Nh5 58. Rg4+ Kf6 59. Rg8 Ke5 60. Re8+ Kd6 61. Rc8 Ng3 62. Rc6+ Ke5 63. b6 f5 64. Re6# 1-0

[Event "December 5 Late 2023"]
[Site "https://www.chess.com"]
[Date "2023.12.05"]
[Round "2"]
[White "Estrada Nieto, Julian"]
[Black "Gokerkan, Cem Kaan"]
[Result "0-1"]
[Board "42"]
[TimeControl "180+1"]
[WhiteFideId "5101018"]
[BlackFideId "6336760"]
[WhiteElo "2556"]
[BlackElo "2860"]
[WhiteTeam "ESP"]
[BlackTeam "TUR"]
[WhiteClock "0:00:00"]
[BlackClock "0:00:23"]

1. e4 c5 2. Nf3 d6 3. Bb5+ Nd7 4. d4 cxd4 5. Qxd4 a6 6. Bxd7+ Bxd7 7. Nc3 e5 8. Qd3 h6 9. Nd2 Nf6 10. Nf1 Rc8 11. Ne3 Be6 12. O-O Be7 13. Rd1 O-O 14. a4 Qc7 15. Bd2 Rfd8 16. Be1 Qb6 17. a5 Qc6 18. Ncd5 Bxd5 19. exd5 Qd7 20. c4 g6 21. h3 Nh5 22. Kh2 Bg5 23. g3 f5 24. Bd2 Rf8 25. Ng2 Kh7 26. f4 Bf6 27. Bc3 Rfe8 28. Re1 e4 29. Qe2 Bxc3 30. bxc3 Rc5 31. Rab1 Rxa5 32. Rb6 Rc5 33. Reb1 Rc7 34. Ne3 Nf6 35. Qb2 Re7 36. Qb4 Ne8 37. Rg1 Rf7 38. Rb1 Qe7 39. Qb2 Qf6 40. Rg1 Qg7 41. Qc2 Nf6 42. Rxd6 Nd7 43. g4 Qf8 44. Re6 Nc5 45. gxf5 gxf5 46. Reg6 Nd3 47. d6 Rcd7 48. c5 Nxf4 49. R6g3 b6 50. Qb3 bxc5 51. Nd5 Nxd5 52. Qxd5 Qxd6 53. Qxd6 Rxd6 54. Rg8 Re6 55. Kh1 e3 56. Rc8 e2 0-1

[Event "December 5 Late 2023"]
[Site "https://www.chess.com"]
[Date "2023.12.05"]
[Round "2"]
[White "Kazakouski, Valery"]
[Black "Martins, Bruno Andre Leite"]
[Result "1-0"]
[Board "43"]
[TimeControl "180+1"]
[WhiteFideId "13507443"]
[BlackFideId "1942255"]
[WhiteElo "2851"]
[BlackElo "2544"]
[WhiteTeam "LTU"]
[BlackTeam "POR"]
[WhiteClock "0:01:47"]
[BlackClock "0:01:59"]

1. e4 Nc6 2. Nf3 e5 3. Bc4 Nf6 4. d3 Bc5 5. c3 O-O 6. O-O d6 7. Bg5 h6 8. Bh4 Be6 9. Nbd2 a6 10. a4 Ne7 11. Bxf6 gxf6 12. Nh4 Kh7 13. Qf3 Ng6 14. Nf5 Rh8 15. g3 c6 16. b4 Ba7 17. Qh5 Kg8 18. Bxe6 1-0

[Event "December 5 Late 2023"]
[Site "https://www.chess.com"]
[Date "2023.12.05"]
[Round "2"]
[White "Rangel, Daniel"]
[Black "Janik, Igor"]
[Result "0-1"]
[Board "44"]
[TimeControl "180+1"]
[WhiteFideId "2124475"]
[BlackFideId "1159259"]
[WhiteElo "2543"]
[BlackElo "2850"]
[WhiteTeam "BRA"]
[BlackTeam "POL"]
[WhiteClock "0:00:00"]
[BlackClock "0:00:20"]

1. d4 a6 2. e4 e6 3. Nf3 b5 4. Bd3 Bb7 5. O-O Nf6 6. Qe2 Be7 7. c3 c5 8. Bg5 cxd4 9. cxd4 h6 10. Bh4 d6 11. a4 b4 12. Nbd2 Nbd7 13. Rfc1 O-O 14. h3 a5 15. Bb5 Nb6 16. b3 Nh5 17. Bxe7 Qxe7 18. Rc2 Rfc8 19. Rac1 Qd8 20. Nf1 Rxc2 21. Rxc2 Rc8 22. Bd3 Nf4 23. Qd2 Nxd3 24. Qxd3 Rxc2 25. Qxc2 Qc8 26. Qxc8+ Nxc8 27. N1d2 Nb6 28. Ne1 Kf8 29. f3 Ke7 30. Kf2 Ba6 31. Ke3 e5 32. d5 Nd7 33. Nd3 g6 34. h4 f5 35. g3 Kf6 36. Nb2 Nc5 37. Kf2 Ke7 38. Nbc4 Bxc4 39. Nxc4 Nxb3 40. Ke3 fxe4 41. fxe4 Kd7 42. Ke2 Nc5 43. Nxa5 Nxe4 44. Kf3 Nc3 45. Nb3 Nxa4 46. Ke4 Nc5+ 0-1

[Event "December 5 Late 2023"]
[Site "https://www.chess.com"]
[Date "2023.12.05"]
[Round "2"]
[White "Mikaelyan, Arman"]
[Black "Kashefi, Amir Hosein"]
[Result "1-0"]
[Board "45"]
[TimeControl "180+1"]
[WhiteFideId "13304852"]
[BlackFideId "12557935"]
[WhiteElo "2849"]
[BlackElo "2541"]
[WhiteTeam "ARM"]
[BlackTeam "IRI"]
[WhiteClock "0:01:38"]
[BlackClock "0:00:00"]

1. Nf3 d6 2. g3 Nf6 3. Bg2 g6 4. O-O Bg7 5. c4 O-O 6. Nc3 e5 7. d3 c6 8. Rb1 Qc7 9. Bg5 Be6 10. b4 Nbd7 11. Qd2 Rfe8 12. b5 Rac8 13. bxc6 bxc6 14. Rb2 Rb8 15. Rxb8 Rxb8 16. Bh6 Bxh6 17. Qxh6 Qb6 18. Ng5 Re8 19. Nce4 d5 20. Nxe6 Rxe6 21. Ng5 Rd6 22. cxd5 cxd5 23. Bh3 Nf8 24. Qh4 Qb2 25. Qa4 Qxe2 26. Qxa7 N6d7 27. Qc7 Rf6 28. Bxd7 Nxd7 29. Qxd7 Qxa2 30. Qe8+ Kg7 31. Qxe5 Qa6 32. d4 h6 33. Nh3 Kh7 34. Nf4 Rf5 35. Qe7 Qb6 36. Rd1 Qb3 37. Qe2 Qc3 38. Qd3 Qb2 39. h4 1-0

[Event "December 5 Late 2023"]
[Site "https://www.chess.com"]
[Date "2023.12.05"]
[Round "2"]
[White "Lewicki, Miroslaw"]
[Black "Gledura, Benjamin"]
[Result "0-1"]
[Board "46"]
[TimeControl "180+1"]
[WhiteFideId "1113380"]
[BlackFideId "712779"]
[WhiteElo "2537"]
[BlackElo "2848"]
[WhiteTeam "POL"]
[BlackTeam "HUN"]
[WhiteClock "0:00:00"]
[BlackClock "0:00:05"]

1. g3 h5 2. Bg2 h4 3. gxh4 e5 4. d4 exd4 5. Nf3 Nc6 6. c3 d5 7. cxd4 Bg4 8. Nc3 Qd7 9. Qb3 O-O-O 10. Ne5 Nxe5 11. dxe5 c6 12. Bf4 Be6 13. Qa4 Kb8 14. Bg3 Ne7 15. O-O Nf5 16. Rfd1 Nxg3 17. hxg3 g5 18. hxg5 Bh3 19. Bf3 Bc5 20. Ne4 Bb6 21. Nf6 Qf5 22. Qf4 Qe6 23. e4 d4 24. Bg4 Bxg4 25. Nxg4 d3 26. Kg2 d2 27. Nh6 Ba5 28. a3 Qb3 29. Nxf7 Rhf8 30. g6 Rc8 31. e6+ Bc7 32. Qf6 Qd3 33. Qf5 Rfe8 34. Ng5 Rf8 35. Nf7 Rfe8 36. g7 Rg8 37. Qg6 Qd4 38. e5 Bxe5 39. Rxd2 Qxd2 40. Nxe5 Qd5+ 41. Nf3 Rc7 42. Rh1 Rcxg7 43. Qf6 a6 44. e7 Rf7 45. Rh8 Rxf6 0-1

[Event "December 5 Late 2023"]
[Site "https://www.chess.com"]
[Date "2023.12.05"]
[Round "2"]
[White "Shuvalova, Polina"]
[Black "Cervantes Landeiro, Thalia"]
[Result "1-0"]
[Board "47"]
[TimeControl "180+1"]
[WhiteFideId "24171760"]
[BlackFideId "3520498"]
[WhiteElo "2845"]
[BlackElo "2535"]
[WhiteTeam "RUS"]
[BlackTeam "USA"]
[WhiteClock "0:00:41"]
[BlackClock "0:00:20"]

1. e4 c5 2. Nf3 d6 3. Bb5+ Nd7 4. O-O a6 5. Bd3 Ngf6 6. Re1 b5 7. a4 c4 8. Bf1 Bb7 9. d3 cxd3 10. Bxd3 bxa4 11. Nc3 g6 12. Nxa4 Bg7 13. Bd2 O-O 14. h3 Bc6 15. Bc3 Qc7 16. Qd2 Rfd8 17. Ba5 Qb7 18. Bxd8 Rxd8 19. Nc3 Nc5 20. Nd4 Nfxe4 21. Nxe4 Nxe4 22. Bxe4 Bxe4 23. c3 Bxg2 24. Qg5 Bxh3 25. Rxe7 Qxb2 26. Rae1 Bxd4 27. cxd4 Qxd4 28. R7e4 Qb6 29. Qh6 Be6 30. Rh4 d5 31. Qxh7+ Kf8 32. Rf4 d4 33. Qh8+ Ke7 34. Qf6+ Ke8 35. Qxf7# 1-0

[Event "December 5 Late 2023"]
[Site "https://www.chess.com"]
[Date "2023.12.05"]
[Round "2"]
[White "Kopczynski, Michal"]
[Black "Mekhitarian, Krikor Sevag"]
[Result "0-1"]
[Board "48"]
[TimeControl "180+1"]
[WhiteFideId "1124200"]
[BlackFideId "2107660"]
[WhiteElo "2533"]
[BlackElo "2845"]
[WhiteTeam "POL"]
[BlackTeam "BRA"]
[WhiteClock "0:01:46"]
[BlackClock "0:01:06"]

1. e4 e6 2. d4 d5 3. Nc3 Nf6 4. e5 Nfd7 5. f4 c5 6. dxc5 Nc6 7. Nf3 Bxc5 8. Bd3 a6 9. Qe2 b5 10. Bd2 Be7 11. O-O-O Nc5 12. f5 b4 13. Nb1 Qa5 14. fxe6 Bxe6 15. a3 Qb6 16. axb4 Nxb4 17. Bxb4 Qxb4 18. Qd2 Qb6 19. Nd4 Rb8 20. c3 Nxd3+ 21. Kc2 Nxb2 0-1

[Event "December 5 Late 2023"]
[Site "https://www.chess.com"]
[Date "2023.12.05"]
[Round "2"]
[White "Livaic, Leon"]
[Black "Korchynskyi, Mykola"]
[Result "1-0"]
[Board "49"]
[TimeControl "180+1"]
[WhiteFideId "14531534"]
[BlackFideId "34138005"]
[WhiteElo "2839"]
[BlackElo "2530"]
[WhiteTeam "CRO"]
[BlackTeam "UKR"]
[WhiteClock "0:00:06"]
[BlackClock "0:00:02"]

1. d4 d5 2. c4 e6 3. Nf3 Nf6 4. Nc3 Be7 5. g3 O-O 6. Bg2 b6 7. cxd5 exd5 8. O-O Bb7 9. Ne5 Nbd7 10. Bg5 c6 11. f4 Rc8 12. Qd3 h6 13. Bh4 c5 14. e3 cxd4 15. exd4 Re8 16. Rfe1 Ne4 17. Bxe7 Rxe7 18. Nxe4 dxe4 19. Bxe4 Bxe4 20. Qxe4 Nf6 21. Qd3 Qd5 22. Rac1 Rd8 23. Red1 Rde8 24. Qc4 Qe4 25. d5 Qe3+ 26. Kg2 Ne4 27. Rc2 Nd6 28. Qd3 Rxe5 29. fxe5 Qxe5 30. Rdd2 Nf5 31. Re2 Ne3+ 32. Kg1 f5 33. d6 f4 34. d7 Rd8 35. gxf4 Qxf4 36. Qxe3 Qg4+ 37. Qg3 Qd4+ 38. Qf2 Qg4+ 39. Kh1 Rxd7 40. Rc1 Qg6 41. Rg1 Qc6+ 42. Qg2 Qf6 43. Re8+ Kh7 44. Qe4+ g6 45. Re1 Rg7 46. Re7 h5 47. Rxg7+ Kxg7 48. Qe7+ Qxe7 49. Rxe7+ Kf6 50. Rxa7 1-0

[Event "December 5 Late 2023"]
[Site "https://www.chess.com"]
[Date "2023.12.05"]
[Round "2"]
[White "Rustemov, Alexander"]
[Black "Urbina Perez, Juan Antonio"]
[Result "1-0"]
[Board "50"]
[TimeControl "180+1"]
[WhiteFideId "4119002"]
[BlackFideId "2217368"]
[WhiteElo "2832"]
[BlackElo "2528"]
[WhiteTeam "RUS"]
[BlackTeam "ESP"]
[WhiteClock "0:01:15"]
[BlackClock "0:00:11"]

1. d4 Nf6 2. c4 d6 3. Nf3 g6 4. g3 Bg7 5. Bg2 O-O 6. Nc3 Bf5 7. Nh4 Bc8 8. O-O c5 9. Nf3 Nc6 10. dxc5 dxc5 11. Bf4 Bf5 12. Ne5 Nxe5 13. Bxe5 Qb6 14. Qb3 Nd7 15. Qxb6 Nxb6 16. Bxg7 Kxg7 17. Bxb7 Rab8 18. Ba6 Rfd8 19. Rfd1 Bc2 20. Rxd8 Rxd8 21. Rc1 Bf5 22. Rd1 Rd6 23. Rxd6 exd6 24. b3 Bd7 25. Bb7 f5 26. f4 Kf6 27. Kf2 a5 28. e4 fxe4 29. Bxe4 a4 30. Ke3 axb3 31. axb3 Be6 32. Bf3 Nd7 33. g4 Nb6 34. g5+ Ke7 35. h4 Nd7 36. h5 Nb8 37. h6 Na6 38. Ne4 d5 39. cxd5 Bxd5 40. Nf6 Bxb3 41. Nxh7 Nc7 42. Nf6 Kf7 43. Ng4 Ne6 44. Ne5+ Kg8 45. Nxg6 c4 46. Bd5 c3 47. Bxb3 c2 48. Bxe6+ Kh7 49. Kd2 Kxg6 50. Kxc2 Kh7 51. Bf5+ Kh8 52. g6 Kg8 53. Be6+ Kh8 54. g7+ 1-0

[Event "December 5 Late 2023"]
[Site "https://www.chess.com"]
[Date "2023.12.05"]
[Round "2"]
[White "Tikhonov, Viacheslav"]
[Black "Bordi, Kevin"]
[Result "0-1"]
[Board "51"]
[TimeControl "180+1"]
[WhiteFideId "44196407"]
[BlackFideId "621862"]
[WhiteElo "2523"]
[BlackElo "2829"]
[WhiteTeam "RUS"]
[BlackTeam "MNC"]
[WhiteClock "0:00:16"]
[BlackClock "0:01:39"]

1. e4 d5 2. exd5 Qxd5 3. Nc3 Qa5 4. d4 Nf6 5. Nf3 c6 6. Bc4 Bf5 7. O-O e6 8. Ne5 Nbd7 9. Bf4 Nxe5 10. Bxe5 Be7 11. Bd3 Bg6 12. a3 Qd8 13. Re1 O-O 14. Bxg6 hxg6 15. Qf3 Bd6 16. Rad1 Qe7 17. Ne4 Nxe4 18. Qxe4 Rad8 19. h3 Rd7 20. Rd3 Rfd8 21. Red1 Bxe5 22. dxe5 Rd5 23. c4 Rxd3 24. Rxd3 Rxd3 25. Qxd3 Qg5 26. Qd4 b6 27. g3 c5 28. Qd6 Qc1+ 29. Kh2 Qxc4 30. Qb8+ Kh7 31. Qxa7 Qd4 32. Kg1 Qxb2 33. f4 Qd4+ 34. Kg2 c4 35. Qxf7 c3 36. h4 c2 37. h5 Qe4+ 38. Kf2 c1=Q 39. hxg6+ Qxg6 40. Qxe6 0-1

[Event "December 5 Late 2023"]
[Site "https://www.chess.com"]
[Date "2023.12.05"]
[Round "2"]
[White "Rogov, Matfey"]
[Black "Yuan, Qingyu"]
[Result "0-1"]
[Board "52"]
[TimeControl "180+1"]
[WhiteFideId "44191308"]
[BlackFideId "8609772"]
[WhiteElo "2522"]
[BlackElo "2825"]
[WhiteTeam "RUS"]
[BlackTeam "CHN"]
[WhiteClock "0:00:02"]
[BlackClock "0:00:21"]

1. e4 e5 2. Nf3 Nc6 3. Bb5 Nf6 4. O-O Nxe4 5. Qe1 Nd6 6. Bxc6 dxc6 7. Qxe5+ Qe7 8. Qa5 Be6 9. d3 h6 10. Nd4 g6 11. Nxe6 fxe6 12. Bf4 Bg7 13. Nc3 O-O 14. Bg3 b6 15. Qa4 c5 16. Rae1 Rae8 17. Qc6 Qd8 18. Re2 Nf5 19. Rxe6 Rxe6 20. Qxe6+ Kh7 21. Qd5 Qe7 22. Qe4 Qd7 23. Re1 Nd4 24. Qe7 Rf7 25. Qxd7 Rxd7 26. Rc1 b5 27. Kf1 b4 28. Ne4 Rd5 29. c4 Rf5 30. f3 Ne6 31. Rc2 h5 32. Bxc7 Nxc7 33. Ke2 Ne6 34. Rc1 Bxb2 35. Rb1 Nf4+ 36. Ke3 Bd4+ 37. Kd2 Nxg2 38. a3 a5 39. axb4 axb4 40. h3 Nh4 41. Rf1 Kh6 42. Ke2 Ng2 43. Rb1 Nf4+ 44. Kd2 Rf8 45. h4 Ng2 46. Rf1 Nxh4 47. f4 Nf5 48. Ng5 Ra8 49. Nf7+ Kg7 50. Ng5 Ra2+ 51. Ke1 Bc3+ 52. Kd1 Ne3+ 53. Kc1 Ra1# 0-1

[Event "December 5 Late 2023"]
[Site "https://www.chess.com"]
[Date "2023.12.05"]
[Round "2"]
[White "Petukhov, Dmitry"]
[Black "Gadimbayli, Abdulla"]
[Result "0-1"]
[Board "53"]
[TimeControl "180+1"]
[WhiteFideId "4142748"]
[BlackFideId "13404938"]
[WhiteElo "2521"]
[BlackElo "2819"]
[WhiteTeam "RUS"]
[BlackTeam "AZE"]
[WhiteClock "0:00:00"]
[BlackClock "0:00:33"]

1. e4 e5 2. Nf3 d5 3. Nxe5 Bd6 4. d4 dxe4 5. Be2 Bxe5 6. dxe5 Qxd1+ 7. Bxd1 Nc6 8. Nc3 Bf5 9. O-O Nge7 10. Re1 O-O-O 11. Bg5 Rd4 12. Ne2 Rd5 13. Ng3 Rxe5 14. f4 Re6 15. c3 f6 16. Bh4 Re8 17. Bb3 Rd6 18. Nxe4 Bxe4 19. Rxe4 Rd2 20. Rae1 Rxb2 21. Be6+ Kb8 22. Bf7 Rd8 23. Rxe7 Nxe7 24. Rxe7 Rd1+ 25. Re1 Rxe1+ 26. Bxe1 a5 27. h4 b5 28. g4 h6 29. g5 c5 30. gxh6 gxh6 31. Bf2 c4 32. a4 bxa4 33. Bxc4 a3 34. Bd4 a2 35. Bxa2 Rxa2 36. Bxf6 a4 37. f5 Kc8 38. Bg7 Kd7 39. Bxh6 Rc2 0-1

[Event "December 5 Late 2023"]
[Site "https://www.chess.com"]
[Date "2023.12.05"]
[Round "2"]
[White "Brodsky, David"]
[Black "Leenhouts, Koen"]
[Result "1/2-1/2"]
[Board "54"]
[TimeControl "180+1"]
[WhiteFideId "2073250"]
[BlackFideId "1008439"]
[WhiteElo "2805"]
[BlackElo "2521"]
[WhiteTeam "USA"]
[BlackTeam "NED"]
[WhiteClock "0:00:27"]
[BlackClock "0:00:13"]

1. d4 Nf6 2. c4 g6 3. g3 c6 4. Bg2 d5 5. Nf3 Bg7 6. O-O O-O 7. Qa4 Nfd7 8. cxd5 Nb6 9. Qb3 cxd5 10. a4 Nc6 11. e3 Bf5 12. Nc3 Na5 13. Qb5 Nbc4 14. Nd2 Bd3 15. Re1 e6 16. b3 Nxd2 17. Qxd3 Ndxb3 18. Rb1 Nxc1 19. Rexc1 Rc8 20. Nb5 a6 21. Na3 Qd7 22. Qd1 Rxc1 23. Rxc1 Rc8 24. Rxc8+ Qxc8 25. e4 dxe4 26. Bxe4 Bf8 27. Nc2 b5 28. axb5 axb5 29. d5 exd5 30. Bxd5 Nc4 31. Qf3 Ne5 32. Qb3 Qc5 33. Ne3 Bh6 34. Nf1 Nc4 35. Qf3 Ne5 36. Qb3 Nc4 37. Qf3 Ne5 38. Qb3 1/2-1/2

[Event "December 5 Late 2023"]
[Site "https://www.chess.com"]
[Date "2023.12.05"]
[Round "2"]
[White "Suder, Jakub"]
[Black "Hamidi, Amir Mohammad"]
[Result "1-0"]
[Board "55"]
[TimeControl "180+1"]
[WhiteFideId "1195310"]
[BlackFideId "12563285"]
[WhiteElo "2521"]
[BlackElo "2804"]
[WhiteTeam "POL"]
[BlackTeam "IRI"]
[WhiteClock "0:00:14"]
[BlackClock "0:00:05"]

1. d4 Nf6 2. c4 d6 3. Nf3 Nbd7 4. Nc3 e5 5. Bg5 Be7 6. e3 Ng8 7. Bxe7 Qxe7 8. dxe5 dxe5 9. Be2 Ngf6 10. O-O c6 11. Qc2 a5 12. Rfd1 Nc5 13. b3 Bg4 14. Nd2 Bxe2 15. Nxe2 O-O 16. Ng3 e4 17. Nb1 Rfd8 18. Nc3 g6 19. Rd4 h5 20. h3 h4 21. Nge2 Rd7 22. Rad1 Rad8 23. a3 Rd6 24. b4 axb4 25. axb4 Na6 26. Qb1 Rxd4 27. Nxd4 Qxb4 28. Nxe4 Nxe4 29. Qxe4 Qxc4 30. Qxh4 Re8 31. Qf6 Nc5 32. h4 Ne4 33. Qf3 c5 34. Ne2 Qe6 35. Nf4 Qf6 36. h5 g5 37. Nd5 Qg7 38. Qf5 Re5 39. Qc8+ Kh7 40. Nc7 Qf6 41. f3 Ng3 42. Nd5 Qe6 43. Qd8 Nf5 44. Nf6+ Kg7 45. Ng4 Rxe3 46. Qxg5+ Kh7 47. Nf6+ 1-0

[Event "December 5 Late 2023"]
[Site "https://www.chess.com"]
[Date "2023.12.05"]
[Round "2"]
[White "Holt, Conrad"]
[Black "Koc, Przemyslaw"]
[Result "1-0"]
[Board "56"]
[TimeControl "180+1"]
[WhiteFideId "2034387"]
[BlackFideId "1109081"]
[WhiteElo "2798"]
[BlackElo "2520"]
[WhiteTeam "USA"]
[BlackTeam "POL"]
[WhiteClock "0:00:07"]
[BlackClock "0:01:09"]

1. d4 f5 2. g3 Nf6 3. Bg2 g6 4. Nf3 Bg7 5. O-O O-O 6. c4 d6 7. Nc3 Qe8 8. Re1 Qf7 9. Nd5 Nxd5 10. Ng5 Qf6 11. cxd5 Qxd4 12. Qc2 Na6 13. Rd1 Qc5 14. Qa4 b5 15. Qh4 h6 16. Ne6 Bxe6 17. dxe6 g5 18. Qh5 Rad8 19. h4 f4 20. Rd5 Qb6 21. gxf4 gxf4 22. Be4 Rf6 23. Bd2 c6 24. Bc3 cxd5 25. Bxf6 dxe4 26. Qf7+ 1-0

[Event "December 5 Late 2023"]
[Site "https://www.chess.com"]
[Date "2023.12.05"]
[Round "2"]
[White "Hadzovic, Amir"]
[Black "Ghasi, Ameet K"]
[Result "0-1"]
[Board "57"]
[TimeControl "180+1"]
[WhiteFideId "14402300"]
[BlackFideId "409200"]
[WhiteElo "2520"]
[BlackElo "2797"]
[WhiteTeam "BIH"]
[BlackTeam "ENG"]
[WhiteClock "0:00:03"]
[BlackClock "0:00:06"]

1. e4 g6 2. Nc3 Bg7 3. Bc4 d6 4. d3 e6 5. a3 a6 6. Ba2 c5 7. h4 h6 8. h5 g5 9. f4 gxf4 10. Bxf4 Nc6 11. Nf3 b5 12. Qd2 Rb8 13. Nd1 Nf6 14. O-O Nxh5 15. Bh2 Nd4 16. c3 Nxf3+ 17. Rxf3 Rb6 18. Ne3 Qg5 19. Raf1 O-O 20. Qf2 Qg6 21. Kh1 Be5 22. g4 Ng7 23. Bxe5 dxe5 24. Rh3 Qg5 25. Qf6 Ne8 26. Qf2 Kg7 27. Rh5 Qg6 28. Qh2 f6 29. Rg1 Nd6 30. Nf5+ Kf7 31. Rxh6 Qg5 32. Rh7+ Ke8 33. Ng7+ Kd8 34. Nxe6+ Bxe6 35. Bxe6 Qg6 36. Bf5 Qg5 37. Rd7+ Ke8 38. Qh7 Nf7 39. Rxf7 Rxf7 40. Bg6 Rb7 41. Qg8+ Kd7 42. Qxf7+ Kc6 43. Qe6+ Kc7 44. Qf7+ Kb6 45. Qe8 Qh4+ 46. Kg2 Qxg4+ 47. Kf2 Qh4+ 48. Ke2 Qh2+ 49. Kf1 Qxb2 50. Rg2 Qc1+ 51. Kf2 Qxc3 52. Kg3 Qxd3+ 53. Kh2 Qe3 54. Qe6+ Ka7 55. Bf5 Qh6+ 56. Kg1 Qc1+ 57. Kh2 Qf4+ 58. Kg1 c4 59. Qd6 Qe3+ 60. Kf1 c3 61. Qc5+ Qxc5 0-1

[Event "December 5 Late 2023"]
[Site "https://www.chess.com"]
[Date "2023.12.05"]
[Round "2"]
[White "Miladinovic, Igor"]
[Black "Gutierrez Olivares, Daniel"]
[Result "1-0"]
[Board "58"]
[TimeControl "180+1"]
[WhiteFideId "4203380"]
[BlackFideId "2264005"]
[WhiteElo "2795"]
[BlackElo "2516"]
[WhiteTeam "SRB"]
[BlackTeam "ESP"]
[WhiteClock "0:00:27"]
[BlackClock "0:00:00"]

1. d4 Nf6 2. Bg5 Nc6 3. e3 d6 4. Nf3 Bg4 5. h3 Bh5 6. Bxf6 gxf6 7. Be2 e5 8. d5 Ne7 9. Nc3 f5 10. Nh4 Bg6 11. g4 Bg7 12. gxf5 Nxf5 13. Bb5+ Kf8 14. Nxf5 Bxf5 15. Bd3 e4 16. Nxe4 Bxe4 17. Bxe4 Bxb2 18. Rb1 Bc3+ 19. Ke2 Qh4 20. Qd3 Ba5 21. Rbg1 Re8 22. Rg4 Qf6 23. Bxh7 Qc3 24. h4 Re5 25. Qxc3 Bxc3 26. Bd3 Rxd5 27. Rb1 b6 28. Rc4 Rc5 29. Rxc5 dxc5 30. Rh1 Rh5 31. Kf3 Kg7 32. Kg4 Kh6 33. Bf5 Bf6 34. f4 Be7 35. e4 1-0

[Event "December 5 Late 2023"]
[Site "https://www.chess.com"]
[Date "2023.12.05"]
[Round "2"]
[White "Prithu Gupta"]
[Black "Troff, Kayden"]
[Result "1/2-1/2"]
[Board "59"]
[TimeControl "180+1"]
[WhiteFideId "46618546"]
[BlackFideId "2047896"]
[WhiteElo "2515"]
[BlackElo "2793"]
[WhiteTeam "IND"]
[BlackTeam "USA"]
[WhiteClock "0:00:07"]
[BlackClock "0:00:07"]

1. d4 Nf6 2. c4 g6 3. Nf3 Bg7 4. e3 O-O 5. Be2 d5 6. cxd5 Nxd5 7. O-O c5 8. e4 Nb6 9. d5 e6 10. Nc3 exd5 11. Nxd5 Be6 12. Bg5 f6 13. Be3 Nxd5 14. exd5 Qxd5 15. Qxd5 Bxd5 16. Rfd1 Bf7 17. Bxc5 Rc8 18. Rac1 Nc6 19. a3 f5 20. b4 Bb2 21. Rb1 Bf6 22. Rd7 b6 23. Be3 Rd8 24. Rbd1 Bb3 25. Rxd8+ Rxd8 26. Rxd8+ Nxd8 27. Nd4 Bd5 28. Nb5 Nc6 29. g4 fxg4 30. Bxg4 Bb2 31. Bc8 Bc4 32. Nd6 Bb3 33. b5 Ne7 34. Bg5 Kf8 35. Bh6+ Kg8 36. Bg5 Nxc8 37. Nxc8 Bxa3 38. Nxa7 Bc5 39. Be3 Kf7 40. Nc8 Bxe3 41. fxe3 Ba4 42. Nxb6 Bxb5 43. Nd5 Bc6 44. Nf4 g5 45. Nd3 Be4 46. Nf2 Bf3 47. h3 Kf6 48. Kh2 Kf5 49. Kg3 Bd5 50. h4 gxh4+ 51. Kxh4 Bf3 52. Kg3 Bc6 53. e4+ Kg5 54. Nh3+ Kf6 55. Kf4 Bd7 56. Nf2 h5 57. e5+ Kg6 58. Ne4 Bf5 59. Ng5 Bc8 60. Nf3 Bg4 61. Nh4+ Kf7 62. Kg5 Ke6 63. Ng6 Bf5 64. Nf4+ Kxe5 65. Nxh5 1/2-1/2